 Dungeon Crawl Stone Soup version 0.31-a0-344-gd109795599 (webtiles) character file.

Game seed: 12749522573805629314

15622369 KimchiStew the Shapeless Troll (level 27, 287/287 (290) HPs)
             Began as a Troll Fighter on July 21, 2023.
             Was the Champion of Wu Jian.
             Escaped with the Orb
             ... and 14 runes!
             The game lasted 03:02:11 (87096 turns).

KimchiStew the Shapeless Troll (Troll Fighter)     Turns: 87096, Time: 03:02:11

HP:   287/287 (290) AC: 18    Str: 36    XL:     27
MP:   31/31         EV: 45    Int:  4    God:    Wu Jian [******]
Gold: 11893         SH:  0    Dex: 15    Spells: 26/26 levels left

rFire   + +          .
                       - Unarmed
rCold   . . .        (shield currently unavailable)
rNeg    + . .        k - melded +9 scales of the Dragon King {rPois rF+ rC+ Will+}
rPois   ∞            L - melded +0 hat {Int+3}
rElec   +            n - melded +1 cloak "Apnefug" {-Cast rF+ Str+3}
rCorr   .            (gloves unavailable)
SInv    .            (boots unavailable)
Will    +++++        J - amulet of the Four Winds {rN+ Will+++ Clar}
Stlth   +            j - ring "Doebuidyl" {rF++ MP+9 Dex+4}
HPRegen 1.47/turn    (no ring)
MPRegen 0.22/turn

%: clarity
@: storm-form, flying, studying 2 skills, lightly drained
A: cleaving, insubstantial, flying, large, unfitting armour, (claws 3),
regeneration 1, (shaggy fur 1), (tough skin 1), dopey 1, frail 1, screaming 1,
weak 1
0: Orb of Zot
}: 14/15 runes: decaying, serpentine, slimy, silver, iron, obsidian, icy, bone,
abyssal, demonic, glowing, magical, fiery, dark
a: Blinkbolt, Begin Untransformation, Renounce Religion, Wall Jump, Serpent's
Lash, Heavenly Storm


You escaped.
You worshipped Wu Jian.
Wu Jian was exalted by your worship.
You were a lightning-filled tempest!
You visited 16 branches of the dungeon, and saw 84 of its levels.
You visited Pandemonium 1 time, and saw 18 of its levels.
You visited the Abyss 2 times.
You visited 1 bazaar.
You visited 1 ziggurat, and saw 16 of its levels.
You also visited: Ice Cave.

You collected 16388 gold pieces.
You spent 4495 gold pieces at shops.

Inventory:

Missiles
 A - 4 throwing nets
 N - 26 curare-tipped darts
 T - 214 large rocks
Armour
 b - a +1 tower shield of fire resistance
 k - the +9 scales of the Dragon King (melded) {rPois rF+ rC+ Will+}
   (You took it off Parghit on level 1 of the Realm of Zot)

   rF:        It protects you from fire.
   rC:        It protects you from cold.
   rPois:     It protects you from poison.
   Will:      It increases your willpower.
 n - the +1 cloak "Apnefug" (melded) {-Cast rF+ Str+3}
   (You bought it in a shop in a bazaar)

   Str:       It affects your strength (+3).
   rF:        It protects you from fire.
   -Cast:     It prevents spellcasting.
 L - a +0 hat of intelligence (melded)
Jewellery
 a - the ring of Xiugaile {rElec Str+6 Dex+2}
   (You took it off a deep elf master archer on level 3 of the Elven Halls)

   [ring of strength]

   Str:       It affects your strength (+6).
   Dex:       It affects your dexterity (+2).
   rElec:     It insulates you from electricity.
 g - the ring "Haluaxoa" {rF+ rC+}
   (You found it on level 7 of Tartarus)

   [ring of protection from fire]

   rF:        It protects you from fire.
   rC:        It protects you from cold.
 j - the ring "Doebuidyl" (left fist) {rF++ MP+9 Dex+4}
   (You found it on level 5 of the Pits of Slime)

   [ring of magical power]

   Dex:       It affects your dexterity (+4).
   rF:        It greatly protects you from fire.
   MP:        It affects your magic capacity (+9).
 J - the amulet of the Four Winds (around neck) {rN+ Will+++ Clar}
   (You found it in an ice cave)

   [amulet of nothing]

   rN:        It protects you from negative energy.
   Clar:      It protects you from confusion, rage, mesmerisation and fear.
   Will:      It greatly increases your willpower.
 R - the ring of Duunt {rF+ rN+ rCorr Str+2 Int-3}
   (You bought it in a shop on level 2 of the Orcish Mines)

   [ring of protection from fire]

   Str:       It affects your strength (+2).
   Int:       It affects your intelligence (-3).
   rF:        It protects you from fire.
   rN:        It protects you from negative energy.
   rCorr:     It protects you from acid and corrosion.
 W - the ring "Ilosil" {Dex+4 SInv}
   (You bought it in a shop on level 2 of the Orcish Mines)

   [ring of see invisible]

   Dex:       It affects your dexterity (+4).
   SInv:      It lets you see invisible.
Talismans
 E - a storm talisman
Wands
 c - a wand of mindburst (131)
 m - a wand of flame (139) (quivered)
 s - a wand of digging (27)
 w - a wand of roots (101)
 x - a wand of light (51)
 y - a wand of charming (126)
Scrolls
 d - a scroll of brand weapon
 e - 3 scrolls of blinking
 h - 26 scrolls of teleportation
 o - 6 scrolls of silence
 p - 15 scrolls of immolation
 u - 5 scrolls of fear
 v - 6 scrolls of fog
 z - 2 scrolls of enchant armour
 B - 3 scrolls of torment
 D - 10 scrolls of vulnerability
 I - 2 scrolls of butterflies
 M - 3 scrolls of poison
 O - a scroll of revelation
Potions
 i - 5 potions of magic
 l - 6 potions of mutation
 q - a potion of heal wounds
 r - 8 potions of ambrosia
 t - 5 potions of lignification
 C - 32 potions of curing
 F - 2 potions of haste
 G - 3 potions of resistance
 H - 3 potions of brilliance
 K - 2 potions of might
 P - 9 potions of cancellation
 Q - 8 potions of attraction
 X - 5 potions of enlightenment
 Z - 3 potions of invisibility
Miscellaneous
 f - a condenser vane
 S - a phial of floods
 U - a phantom mirror
 V - a lightning rod (4/4)
 Y - a box of beasts


   Skills:
 O Level 27 Fighting
 - Level 0.6 Staves
 + Level 19.4 Throwing
 O Level 27 Armour
 + Level 17.2 Dodging
 - Level 1.0 Stealth
 - Level 15.0 Shields
 O Level 27 Unarmed Combat
 - Level 9.0 Evocations
 O Level 27 Shapeshifting


You had 26 spell levels left.
You didn't know any spells.
Your spell library contained the following spells:

 Spells                   Type           Power      Damage    Failure   Level
 Apportation              Tloc           0%         N/A       50%         1
 Foxfire                  Conj/Fire      0%         2x1d4     50%         1
 Kiss of Death            Conj/Necr      0%         2d5       50%         1
 Magic Dart               Conj           0%         1d3       50%         1
 Necrotise                Necr           0%         1d4       50%         1
 Shock                    Conj/Air       0%         1d3       50%         1
 Slow                     Hex            0%         N/A       50%         1
 Sting                    Tmut/Pois      0%         1d3       50%         1
 Summon Small Mammal      Summ           0%         N/A       50%         1
 Blink                    Tloc           0%         N/A       65%         2
 Call Imp                 Summ           0%         N/A       65%         2
 Cigotuvi's Dreadful Rot  Necr/Pois/Air  0%         N/A       65%         2
 Ensorcelled Hibernation  Hex/Ice        0%         N/A       65%         2
 Lesser Beckoning         Tloc           0%         N/A       65%         2
 Momentum Strike          Conj/Tloc      0%         3d8       65%         2
 Passwall                 Tmut/Erth      0%         N/A       65%         2
 Poisonous Vapours        Pois/Air       0%         N/A       65%         2
 Scorch                   Fire           0%         2d5       65%         2
 Searing Ray              Conj           0%         2d4       65%         2
 Static Discharge         Conj/Air       0%         2-2/arc   65%         2
 Wereblood                Tmut           0%         N/A       65%         2
 Call Canine Familiar     Summ           0%         N/A       86%         3
 Confusing Touch          Hex            0%         N/A       86%         3
 Dazzling Flash           Conj/Hex       0%         N/A       86%         3
 Frozen Ramparts          Ice            0%         1d1       86%         3
 Gell's Gravitas          Tloc           0%         N/A       86%         3
 Hailstorm                Conj/Ice       0%         3d3       86%         3
 Ignite Poison            Fire/Tmut/Pois 0%         N/A       86%         3
 Inner Flame              Hex/Fire       0%         N/A       86%         3
 Mephitic Cloud           Conj/Pois/Air  0%         N/A       86%         3
 Ozocubu's Armour         Ice            0%         N/A       86%         3
 Portal Projectile        Hex/Tloc       0%         N/A       86%         3
 Stone Arrow              Conj/Erth      0%         3d7       86%         3
 Summon Guardian Golem    Hex/Summ       0%         N/A       86%         3
 Swiftness                Air            0%         N/A       86%         3
 Teleport Other           Tloc           0%         N/A       86%         3
 Tukima's Dance           Hex            0%         N/A       86%         3
 Vampiric Draining        Necr           0%         2d6       86%         3
 Volatile Blastmotes      Fire/Tloc      0%         2d10      86%         3
 Airstrike                Air            0%         2d(0-16)  99%         4
 Anguish                  Hex/Necr       0%         N/A       99%         4
 Animate Armour           Summ/Erth      0%         N/A       99%         4
 Animate Dead             Necr           0%         N/A       99%         4
 Cause Fear               Hex            0%         N/A       99%         4
 Dispel Undead            Necr           0%         3d6       99%         4
 Flame Wave               Conj/Fire      0%         2d4       99%         4
 Fulminant Prism          Conj/Hex       0%         3d5       99%         4
 Iskenderun's Mystic Bla  Conj/Tloc      0%         2d3       99%         4
 Leda's Liquefaction      Hex/Erth       0%         N/A       99%         4
 Manifold Assault         Tloc           0%         N/A       99%         4
 Olgreb's Toxic Radiance  Pois           0%         N/A       99%         4
 Passage of Golubria      Tloc           0%         N/A       99%         4
 Petrify                  Tmut/Erth      0%         N/A       99%         4
 Sticky Flame             Conj/Fire      0%         2d3       99%         4
 Summon Ice Beast         Ice/Summ       0%         N/A       99%         4
 Summon Lightning Spire   Summ/Air       0%         N/A       99%         4
 Agony                    Necr           0%         N/A       100%        5
 Alistair's Intoxication  Tmut/Pois      0%         N/A       100%        5
 Arcjolt                  Conj/Air       0%         1d10      100%        5
 Fireball                 Conj/Fire      0%         3d3       100%        5
 Freezing Cloud           Conj/Ice/Air   0%         6-21      100%        5
 Irradiate                Conj/Tmut      0%         3d11      100%        5
 Iskenderun's Battlesphe  Conj           0%         2d6       100%        5
 Lee's Rapid Deconstruct  Erth           0%         3d4*      100%        5
 Metabolic Englaciation   Hex/Ice        0%         N/A       100%        5
 Silence                  Hex/Air        0%         N/A       100%        5
 Summon Forest            Summ/Tloc      0%         N/A       100%        5
 Summon Mana Viper        Hex/Summ       0%         N/A       100%        5
 Yara's Violent Unravell  Hex/Tmut       0%         3d3       100%        5
 Conjure Ball Lightning   Conj/Air       0%         3x3d6     100%        6
 Dispersal                Tloc           0%         N/A       100%        6
 Eringya's Noxious Bog    Tmut/Pois      0%         4d6       100%        6
 Leda's Unmaking          Conj/Erth      0%         9d1       100%        6
 Plasma Beam              Fire/Air       0%         2x1d10    100%        6
 Simulacrum               Ice/Necr       0%         N/A       100%        6
 Starburst                Conj/Fire      0%         6d3       100%        6
 Summon Cactus Giant      Summ           0%         N/A       100%        6
 Enfeeble                 Hex            0%         N/A       100%        7
 Haunt                    Necr/Summ      0%         N/A       100%        7
 Malign Gateway           Summ/Tloc      0%         N/A       100%        7
 Monstrous Menagerie      Summ           0%         N/A       100%        7
 Orb of Destruction       Conj           0%         9d5       100%        7
 Ozocubu's Refrigeration  Ice            0%         4d7       100%        7
 Spellforged Servitor     Conj/Summ      0%         N/A       100%        7
 Summon Hydra             Summ           0%         N/A       100%        7
 Disjunction              Tloc           0%         N/A       100%        8
 Ignition                 Fire           0%         3d3       100%        8
 Infestation              Necr           0%         N/A       100%        8
 Lehudib's Crystal Spear  Conj/Erth      0%         10d2      100%        8
 Maxwell's Capacitive Co  Air            0%         ∞         100%        8
 Summon Horrible Things   Summ           0%         N/A       100%        8
 Fire Storm               Conj/Fire      0%         5d1       100%        9
 Polar Vortex             Ice            0%         N/A       100%        9


Dungeon Overview and Level Annotations

Branches:
Dungeon (15/15)            Temple (0/1) D:5            Lair (5/5) D:11
  Swamp (4/4) Lair:3        Snake (4/4) Lair:3        Slime (5/5) Lair:4
    Orc (2/2) D:9             Elf (3/3) Orc:2        Vaults (5/5) D:14
  Crypt (3/3) Vaults:2       Tomb (0/3) Crypt:3      Depths (4/4) D:15
   Hell (visited)             Dis (7/7) Hell            Geh (7/7) Hell
    Coc (7/7) Hell            Tar (7/7) Hell            Zot (5/5) Depths:4
  IceCv (visited)

Altars:
Ashenzari
Dithmenos
Elyvilon
Fedhas
Kikubaaqudgha
Nemelex Xobeh
Ru
Uskayaw
Vehumet
Wu Jian
Xom
Jiyva

Shops:
D:9 *   D:13 *   Orc:2 ==([(   Elf:2 :(   Snake:1 !=   Snake:4 [:   Vaults:1 [
Vaults:2 =   Depths:1 ?(!(=   Depths:4 (

Portals:
Hell: Depths:1 Depths:2 Depths:3 Depths:4
Abyss: Depths:3 Depths:4
Pandemonium: Depths:2
Trove: D:10 (give 15 scrolls of teleportation)

Annotations:
D:10 1 runed translucent door, Vorhees's ghost, journeyman DjCj
Lair:2 1 runed translucent door, exclusion: oklob plant
Elf:2 3 runed translucent doors
Depths:4 1 runed translucent door, Tenar's ghost, adept TrFi
Zot:1 3 runed translucent doors, Beclu's ghost, legendary GnSk; Mikey69's ghost, legendary DsBe


Innate Abilities, Weirdness & Mutations

You are a lightning-filled tempest!
Your electrical attacks strike out in all directions at once.
You are incredibly evasive.
Your insubstantial body is immune to petrification, constriction, and being set on fire You are flying.
Your armour is entirely melded.
You are incapable of wielding weapons or throwing items.
You are too large for most types of armour.
You are immune to poison.
((You have claws for hands.))
Your natural rate of healing is unusually fast.
((You are covered in fur. (AC +1)))
((You have tough skin. (AC +1)))
You are dopey. (Int -2)
You are frail. (-10% HP)
You occasionally shout uncontrollably at your foes.
You are weak. (Str -2)


Message History

There is a stone staircase leading up here.
You fly upwards.
There is a stone staircase leading down here.
Unknown command.
Things that are here:
a +0 whip; 8 poisoned darts; a +0 dagger
There is a stone staircase leading up here.
You fly upwards.
There is a stone staircase leading down here.
Unknown command.
There is an escape hatch in the ceiling here.
A mysterious force pulls you upwards. The hatch slams shut behind you.
There is a stone staircase leading up here.
You fly upwards.
There is a stone staircase leading down here.
Unknown command.
There is a stone staircase leading up, spattered with blood here.
You fly upwards.
There is a stone staircase leading down here.
You see here a +0 dagger.
Unknown command.
Things that are here:
a +0 scale mail; a +0 hand axe; a +0 flail
Items here: ))) [.
There is a stone staircase leading up here.
You fly upwards.
There is a stone staircase leading down here.
Unknown command.
There is a stone staircase leading up here.
You fly upwards.
There is a stone staircase leading down here.
Unknown command.
There is a stone staircase leading up here.
You fly upwards.
There is a stone staircase leading down here.
Unknown command.
There is an open door here.
There is a staircase leading out of the dungeon here.
You can't go down here!
You have escaped!

.##..........#######.##.........#
.##..........##............######
.#######........#.....##..##
.^....†............####..##
.#######....####.######.## ##
#....#≈≈≈.§≈≈#...# #
##...+.≈≈≈≈≈.'.### #
#######...#§§....≈### #
#.......###§§.v.≈≈# #
#.........#§§....≈### ####
#.....[...'§§≈§§≈.'.# #...
#.........#≈≈≈§≈≈≈#.# #...
###.........####.####.########...
............#..#.# #........##...
###..###.........# ######>#†##...
#....#.......#..## #.#.#####
..##...##...###..##### #....# #


There were no monsters in sight!

Vanquished Creatures
  Cerebov (Pan)
  Antaeus (Coc:7)
  Asmodeus (Geh:7)
  the Royal Jelly (Slime:5)
  Ignacio (Pan)
  Gloorx Vloq (Pan)
  4 pandemonium lords
  Ereshkigal (Tar:7)
  Mnoleg (Pan)
  the Serpent of Hell (Geh:7)
  Lom Lobon (Pan)
  Dispater (Dis:7)
  7 dread liches
  Tiamat (Zot:5)
  7 ancient liches
  Mara (Depths:1)
  5 orbs of fire
  4 juggernauts
  Boris (twice) (Crypt:1 Crypt:3)
  17 shard shrikes
  Sojobo (Depths:1)
  Parghit (Zot:1)
  Bai Suzhen (Vaults:4)
  Vashnia (Snake:3)
  Xtahua (Vaults:5)
  Frederick (Crypt:1)
  Saint Roka (Depths:3)
  2 Killer Klowns (Zot:5)
  3 curse toes
  19 caustic shrikes
  Geryon (Hell)
  14 golden dragons
  12 profane servitors
  33 bone dragons
  Jory (Crypt:3)
  Nikola (Depths:1)
  9 doom hounds
  14 Brimstone Fiends
  16 Tzitzimimeh
  7 iron giants
  21 hellephants
  5 electric golems
  A shard shrike zombie (Tar:7)
  23 Hell Sentinels
  15 Ice Fiends
  28 tentacled monstrosities
  Zenata (Crypt:3)
  A walking crystal tome (Depths:3)
  2 shard shrike skeletons (Crypt:3)
  24 tainted leviathans
  11 liches
  7 quicksilver dragons
  2 deep elf master archers (Elf:3)
  28 Orb Guardians
  15 tentacled starspawn (Abyss:3)
  29 searing wretches
  2 walking divine tomes
  2 deep elf blademasters (Elf:3)
  20 Executioners
  A walking frostbound tome (Depths:3)
  25 acid blobs
  14 titans
  13 sphinxes
  Murray (Hell)
  Frances (D:13)
  Gastronok (Lair:3)
  8 death cobs
  42 ancient champions
  2 thorn hunters
  Aizul (Swamp:2)
  14 shadow dragons
  26 narguns
  11 storm dragons
  14 tengu reavers
  Donald (Crypt:1)
  12 draconian monks
  10 demonspawn warmongers (Pan)
  A nagaraja (Snake:2)
  6 revenants
  2 deep elf sorcerers
  7 rockslimes
  A fenstrider witch (Swamp:4)
  21 azure jellies
  8 draconian knights
  16 iron dragons
  26 frost giants
  17 fire giants
  16 quicksilver elementals
  Louise (Elf:2)
  9 draconian stormcallers
  17 vault wardens
  10 shard shrike simulacra
  2 angels
  39 balrugs
  8 curse skulls
  13 draconian scorchers
  9 orc warlords
  7 deep elf elementalists (Elf:3)
  4 spectral caustic shrikes
  6 spriggan defenders
  9 draconian shifters
  25 ironbound preservers
  4 demonspawn corrupters (Pan)
  A ghost moth (Zot:3)
  3 juggernaut skeletons
  A spectral juggernaut (Tar:1)
  13 quicksilver oozes
  A ghoul (Zig:15)
  20 cacodemons
  A formless jellyfish (shapeshifter) (Zig:13)
  20 reapers
  3 formless jellyfish
  6 demonspawn blood saints (Pan)
  A starflower (Abyss:1)
  43 war gargoyles
  A quicksilver ooze (shapeshifter) (Vaults:5)
  12 vampire knights
  5 draconian annihilators
  13 green draconians
  20 very ugly things
  A caustic shrike skeleton (Crypt:3)
  17 stone giants
  5 demonspawn black suns
  4 eleionomae
  5 ironbound thunderhulks
  21 elemental wellsprings
  A rockslime zombie (Crypt:2)
  Azrael (D:15)
  13 wendigos
  8 deep elf demonologists
  11 lorocyprocas
  15 putrid mouths
  15 red draconians
  5 deep elf annihilators
  16 white draconians
  13 purple draconians
  14 black draconians
  21 dire elephants
  2 spectral titans
  5 bunyips
  16 yellow draconians
  13 spark wasps
  22 eidola
  3 merfolk javelineers (Zig:9)
  13 blizzard demons
  4 deep elf death magi
  23 iron golems
  11 green deaths
  10 ettins
  A spectral quicksilver dragon (Tar:7)
  A spectral golden dragon (Tar:4)
  2 entropy weavers (Vaults:1)
  A crystal guardian (Abyss:1)
  7 spectral spriggans
  A shambling mangrove (Swamp:2)
  12 jiangshi
  Josephine (D:10)
  16 fire dragons
  An entropy weaver (shapeshifter) (Zig:13)
  A spectral iron giant (Tar:3)
  A merfolk impaler (Depths:1)
  15 great orbs of eyes
  12 ice dragons
  5 deep elf high priests
  36 vault guards
  7 hell beasts
  6 rakshasas
  13 yaktaur captains
  13 caustic shrike simulacra
  6 juggernaut simulacra
  21 hydras
  A fenstrider witch skeleton (Crypt:3)
  5 ogre magi
  23 salamander tyrants
  3 spriggan skeletons
  A peacekeeper (Vaults:4)
  3 ghost crabs
  4 spriggan air magi
  Erica (D:8)
  A quicksilver dragon skeleton (Crypt:3)
  15 anacondas
  22 centaur warriors
  3 stokers
  A two-headed ogre (shapeshifter) (Zig:13)
  10 ironbound frosthearts
  4 death knights
  19 two-headed ogres
  5 boulder beetles
  2 merfolk aquamancers (Zig:9)
  15 naga warriors
  6 deep troll shamans
  37 hell hogs
  6 alligators
  15 thrashing horrors
  7 tengu warriors
  11 demonic crawlers (Pan)
  17 naga sharpshooters
  A titan zombie (Hell)
  24 dancing weapons
  8 deep troll earth magi
  8 spriggan berserkers
  11 shock serpents
  14 vampire magi
  5 orc high priests (Zig:12)
  A spectral dire elephant (Tar:7)
  9 deep elf knights
  10 wretched stars (Abyss:3)
  3 hell knights
  10 spriggans
  52 sun demons
  17 soul eaters
  2 titan skeletons
  14 crystal echidnas
  32 shadow wraiths
  11 iron trolls
  5 salamander mystics
  21 sixfirhies
  A spatial maelstrom (Abyss:3)
  10 flayed ghosts
  2 skysharks
  An anaconda zombie (Hell)
  A spark wasp zombie (Crypt:3)
  59 large abominations
  A death drake (Swamp:4)
  A golden dragon zombie (Tar:7)
  5 goliath frogs
  An iron giant zombie (Crypt:3)
  2 spectral anacondas (Tar:1)
  54 deep trolls
  64 skeletal warriors
  4 spriggan druids
  8 naga ritualists
  4 sea snakes (Zig:9)
  A bunyip zombie (Abyss:3)
  7 quicksilver dragon simulacra
  2 spectral iron dragons
  An orange crystal statue (Zot:2)
  3 spectral hydras (Swamp:4)
  7 bog bodies
  8 deep elf archers
  8 glowing orange brains
  2 orb spiders (shapeshifter) (Vaults:5)
  2 harpies (Elf:3)
  6 shadow demons
  16 wizards
  9 swamp dragons
  A fenstrider witch simulacrum (Coc:1)
  A shadow dragon zombie (Crypt:1)
  An iron giant skeleton (Crypt:3)
  6 necromancers
  10 phantasmal warriors
  8 lindwurms
  14 ironbound convokers
  6 mana vipers
  25 orc knights
  35 ugly things
  31 deep elf pyromancers
  16 deep elf zephyrmancers
  2 anaconda skeletons (Crypt:3)
  2 sphinx zombies
  A bunyip skeleton (Pan)
  A mana viper (shapeshifter) (Zig:13)
  A stone giant zombie (Crypt:1)
  5 orc sorcerers
  An iron dragon zombie (Hell)
  4 shadow dragon skeletons
  2 wolf spiders (Lair:5)
  A will-o-the-wisp (Swamp:2)
  18 salamanders
  13 cyclopes
  13 shining eyes
  12 manticores
  6 oklob plants (Zot:2)
  A manticore (shapeshifter) (D:15)
  27 moths of wrath
  A dire elephant zombie (Tar:7)
  2 iron dragon skeletons (Crypt:3)
  2 worldbinders
  16 guardian serpents
  9 naga magi
  2 spectral centaurs (Tar:1)
  3 apocalypse crabs (Abyss:3)
  6 ice statues
  7 rust devils
  5 eyes of devastation
  A merfolk siren (Zig:9)
  A guardian serpent (shapeshifter) (Abyss:1)
  10 elephants
  Maurice (Orc:1)
  A spectral alligator snapping turtle (Tar:1)
  13 molten gargoyles
  A centaur skeleton (Pan)
  32 vault sentinels
  43 smoke demons
  24 orange demons
  A gargoyle (D:12)
  20 cane toads
  2 titan simulacra
  41 black mambas
  A catoblepas zombie (Crypt:2)
  19 hellions
  A sea snake zombie (Hell)
  6 unseen horrors
  A purple draconian zombie (Crypt:3)
  4 rime drakes
  9 komodo dragons
  3 dire elephant skeletons
  4 naga skeletons
  Maggie (D:6)
  An orc skeleton (Crypt:3)
  4 swamp worm zombies (Swamp:4)
  17 freezing wraiths
  A redback zombie (Crypt:1)
  7 tengu conjurers
  5 merfolk (Zig:9)
  A human skeleton (Vaults:4)
  A black draconian skeleton (Crypt:1)
  2 spectral nagas
  24 hellwings
  3 ice devils
  A minotaur skeleton (Crypt:3)
  6 efreet
  17 tormentors
  19 yaktaurs
  3 anaconda simulacra
  4 ancient zymes
  A golden dragon simulacrum (Coc:7)
  2 harpy zombies (Tar:7)
  6 hydra zombies
  A red draconian skeleton (Crypt:3)
  4 spectral harpies
  2 sea snake skeletons (Hell)
  4 iron giant simulacra
  9 trolls
  5 red devils
  4 bloated husks
  A queen bee (shapeshifter) (Elf:3)
  2 shadow dragon simulacra (Coc:2)
  7 harpy skeletons
  A polar bear (Lair:4)
  18 hornets
  Prince Ribbit (D:7)
  6 meliai (D:14)
  A wind drake (shapeshifter) (Zig:13)
  A tyrant leech (shapeshifter) (Vaults:5)
  9 tyrant leeches
  5 dream sheep (Lair:3)
  A tarantella zombie (Crypt:2)
  22 blink frogs
  27 raiju
  A spectral black mamba (Tar:1)
  3 iron dragon simulacra
  A culicivora zombie (Crypt:1)
  A snapping turtle (shapeshifter) (Elf:3)
  104 slime creatures
  A fire dragon skeleton (Crypt:2)
  4 alligator zombies
  15 flying skulls
  2 spectral swamp dragons (Swamp:4)
  2 air elementals
  Sigmund (D:1)
  A spriggan (shapeshifter) (Depths:3)
  A vampire (D:10)
  16 ynoxinuls
  A guardian serpent skeleton (Crypt:3)
  8 wraiths
  20 water elementals
  22 starcursed masses
  10 dire elephant simulacra
  12 wyverns
  3 shadows
  An alligator snapping turtle simulacrum (Coc:3)
  7 fire elementals
  A black mamba skeleton (Pan)
  A yak (shapeshifter) (D:15)
  70 yaks
  9 golden eyes
  A human (Lair:2)
  2 steam dragons
  3 spatial vortices (Abyss:3)
  5 basilisks
  12 chaos spawn
  A naga zombie (Tar:7)
  4 redbacks
  Grum (D:10)
  6 vampire mosquitoes
  30 neqoxecs
  6 wargs
  3 death yak simulacra (IceCv)
  28 small abominations
  Menkaure (D:6)
  15 swamp worms
  37 nagas
  A warg (shapeshifter) (D:14)
  A water nymph zombie (Crypt:2)
  15 harpy simulacra
  3 hydra simulacra (IceCv)
  10 hell hounds
  An entropy weaver zombie (Crypt:1)
  2 acid dragons
  Duvessa (D:6)
  28 water moccasins
  A water nymph skeleton (Crypt:2)
  3 floating eyes
  3 swamp drakes (Lair:5)
  An alligator simulacrum (Hell)
  4 ice beasts
  3 swamp dragon zombies (Swamp:4)
  4 ettin simulacra
  3 sky beasts
  2 black bears
  50 orc warriors
  6 boggarts
  33 ogres
  A wolf (shapeshifter) (Vaults:5)
  10 wolves
  14 centaurs
  4 phantoms (Swamp:4)
  2 kobold brigands
  A human zombie (Vaults:4)
  16 bullfrogs
  A rime drake skeleton (Crypt:3)
  A yaktaur skeleton (Crypt:1)
  2 gnoll sergeants
  An earth elemental (Elf:3)
  2 two-headed ogre simulacra (IceCv)
  A salamander skeleton (Crypt:2)
  3 scorpions
  4 cane toad simulacra (IceCv)
  13 wights
  Dowan (D:6)
  A swamp dragon simulacrum (Coc:1)
  9 killer bees
  2 elephant simulacra (IceCv)
  7 electric eels
  9 howler monkeys
  4 quasits
  A centaur zombie (Crypt:1)
  7 iron imps
  4 hounds
  A bullfrog skeleton (Crypt:2)
  24 orc priests
  7 iguanas
  A sleepcap (D:6)
  Natasha (thrice) (D:2)
  21 orc wizards
  A spectral swamp drake (Swamp:4)
  18 hell rats
  A polar bear simulacrum (IceCv)
  7 spriggan simulacra
  3 troll simulacra (IceCv)
  A lightning spire (Zot:2)
  2 wolf simulacra (IceCv)
  Robin (D:4)
  6 gnolls
  6 naga simulacra
  4 adders
  2 swamp drake zombies (Swamp:4)
  29 white imps
  17 ufetubi
  A worm (D:5)
  3 dart slugs
  69 orcs
  6 endoplasms
  A giant cockroach (D:1)
  6 hobgoblins
  2 jackals (D:2)
  3 quokkas
  4 ball pythons
  A ball python zombie (Crypt:3)
  7 bats
  5 frilled lizards
  18 goblins
  15 kobolds
  6 rats
  A ball lightning (Pan)
  7 creeping infernos
  33 fire vortices
  3 lurking horrors (Abyss:3)
  2 spectral weapons (Swamp:3)
  16 starspawn tentacles (Abyss:3)
4298 creatures vanquished.

Vanquished Creatures (collateral kills)
  An ironbound preserver (Vaults:4)
1 creature vanquished.

Vanquished Creatures (others)
  An electric golem (Zot:1)
  An eldritch tentacle (Pan)
  A draconian shifter (Zig:10)
  An elemental wellspring (Coc:7)
  A formless jellyfish (Zig:11)
  A wendigo (Coc:7)
  A juggernaut simulacrum (Coc:7)
  3 caustic shrike simulacra (Coc:7)
  A hydra (Swamp:4)
  A shadow wraith (Tar:7)
  A wizard (Pan)
  A quicksilver dragon simulacrum (Coc:2)
  3 spriggan simulacra
  A water nymph (Zig:9)
  A titan simulacrum (Coc:7)
  A bunyip simulacrum (Coc:2)
  A hellion (Coc:2)
  6 bloated husks
  A hydra zombie (Swamp:4)
  A tyrant leech (Swamp:2)
  A hornet (Swamp:1)
  2 merfolk (Zig:9)
  A spriggan (Swamp:4)
  A swamp worm (Swamp:3)
  A harpy simulacrum (Coc:5)
  An ettin simulacrum (Coc:7)
  A naga simulacrum (Coc:7)
  An orc wizard (Elf:1)
  2 hell rats (Lair:5)
  2 orcs
  A ball lightning (Pan)
  A creeping inferno (Geh:6)
  2 fire vortices
  16 starspawn tentacles (Abyss:3)
62 creatures vanquished.

Grand Total: 4361 creatures vanquished

Notes
Turn   | Place    | Note
-------+----------+-------------------------------------------
     0 | D:1      | KimchiStew the Troll Fighter began the quest for the Orb.
     0 | D:1      | Reached XP level 1. HP: 22/22 MP: 0/0
   139 | D:1      | Reached XP level 2. HP: 29/29 MP: 1/1
   208 | D:1      | You fall into a shaft and drop 1 floor!
   303 | D:2      | Reached XP level 3. HP: 36/36 MP: 2/2
   409 | D:2      | Noticed Natasha
   419 | D:2      | Killed Natasha
   427 | D:2      | Noticed Natasha
   435 | D:2      | Killed Natasha
   436 | D:2      | Reached skill level 1 in Stealth
   436 | D:2      | Reached XP level 4. HP: 29/44 MP: 3/3
   877 | D:2      | Noticed Sigmund
   901 | D:1      | Killed Sigmund
   902 | D:1      | Reached skill level 5 in Unarmed Combat
   902 | D:1      | Reached XP level 5. HP: 36/50 MP: 4/4
   990 | D:2      | Noticed Natasha
   998 | D:2      | Killed Natasha
   999 | D:2      | Reached XP level 6. HP: 42/59 MP: 5/5
  1742 | D:3      | Identified the +1 robe of Zuad {rN+ Int+7}
  2200 | D:4      | Noticed Robin
  2213 | D:4      | Killed Robin
  2376 | D:4      | Found a shimmering altar of Xom.
  2379 | D:4      | Found an ornate altar of the Wu Jian Council.
  2383 | D:4      | Found a radiant altar of Vehumet.
  2643 | D:4      | Became a worshipper of the Wu Jian Council
  2850 | D:5      | Entered Level 5 of the Dungeon
  2962 | D:5      | Found a staircase to the Ecumenical Temple.
  3081 | D:5      | Reached XP level 7. HP: 66/66 MP: 6/6
  3290 | D:4      | Reached skill level 5 in Shields
  3621 | D:6      | Noticed Maggie
  3622 | D:6      | Noticed Menkaure
  3679 | D:6      | Noticed Duvessa
  3679 | D:6      | Noticed Dowan
  3700 | D:6      | Killed Duvessa
  3706 | D:6      | Killed Dowan
  3742 | D:6      | Found a white marble altar of Elyvilon.
  3873 | D:6      | Reached XP level 8. HP: 54/74 MP: 7/7
  3966 | D:6      | Killed Menkaure
  4047 | D:6      | Killed Maggie
  4209 | D:6      | Reached skill level 1 in Shapeshifting
  4284 | D:6      | Reached XP level 9. HP: 80/80 MP: 8/8
  4411 | D:6      | Reached * piety under Wu Jian
  4644 | D:7      | Noticed Prince Ribbit
  4654 | D:7      | Killed Prince Ribbit
  4655 | D:7      | Reached skill level 10 in Unarmed Combat
  4991 | D:7      | Found a shadowy altar of Dithmenos.
  5350 | D:8      | Reached skill level 5 in Shapeshifting
  5356 | D:8      | Reached XP level 10. HP: 57/88 MP: 9/9
  5462 | D:8      | Found a blossoming altar of Fedhas.
  5482 | D:8      | Noticed Erica
  5509 | D:8      | Killed Erica
  5605 | D:8      | Identified the ring "Icil" {rF+ Dex+3}
  5611 | D:8      | Reached ** piety under Wu Jian
  5696 | D:8      | Identified a scroll of acquirement
  5696 | D:8      | Acquired a ring of poison resistance
  6534 | D:9      | Reached skill level 1 in Armour
  6534 | D:9      | Reached XP level 11. HP: 87/96 MP: 10/10
  6547 | D:9      | Found a staircase to the Orcish Mines.
  6632 | D:9      | Noticed a two-headed ogre
  6634 | D:9      | Noticed a centaur warrior
  6782 | D:9      | Killed a two-headed ogre
  6927 | D:9      | Found Vyonuc's General Store.
  6934 | D:9      | Bought a scroll of teleportation for 45 gold pieces
  7209 | D:9      | Killed a centaur warrior
  7458 | D:10     | Entered Level 10 of the Dungeon
  7458 | D:10     | Found a portal to a secret trove of treasure.
  7559 | D:10     | Reached *** piety under Wu Jian
  7574 | D:10     | Noticed Grum
  7586 | D:10     | Noticed Josephine
  8429 | D:10     | Found a runed translucent door.
  8430 | D:10     | Noticed Vorhees's ghost (journeyman DjCj)
  8474 | D:10     | Killed Grum
  8719 | D:10     | Noticed a two-headed ogre
  8723 | D:10     | Killed a two-headed ogre
  8917 | D:10     | Killed Josephine
  9228 | D:11     | Reached skill level 5 in Fighting
  9371 | D:11     | Noticed a boulder beetle
  9409 | D:11     | Killed a boulder beetle
  9521 | D:11     | Reached XP level 12. HP: 108/111 MP: 11/11
  9619 | D:11     | Noticed a two-headed ogre
  9647 | D:11     | Killed a two-headed ogre
  9647 | D:11     | Reached **** piety under Wu Jian
  9770 | D:11     | Found a staircase to the Lair.
  9941 | Lair:1   | Entered Level 1 of the Lair of Beasts
  9987 | Lair:1   | Reached skill level 5 in Dodging
 10277 | Lair:1   | Found a frozen archway.
 10308 | IceCv    | Entered an ice cave
 10377 | IceCv    | Reached ***** piety under Wu Jian
 11560 | IceCv    | Noticed a reaper
 11565 | IceCv    | Killed a reaper
 11811 | IceCv    | Found the +4 skin of Zhor {*Englaciate rC+++ SInv}
 11813 | IceCv    | Found the amulet of the Four Winds {rN+ Will+++ Clar}
 11820 | IceCv    | Identified the staff of Defiance {rC+ Will+ Str+2 Dex+2
                  | Ice}
 12142 | Lair:1   | Reached skill level 1 in Throwing
 12607 | Lair:2   | Reached skill level 1 in Evocations
 12666 | Lair:2   | Reached XP level 13. HP: 111/124 MP: 12/12
 12921 | Lair:2   | Found a runed translucent door.
 13869 | Lair:3   | Reached ****** piety under Wu Jian
 13922 | Lair:3   | Found a staircase to the Snake Pit.
 14183 | Lair:3   | Noticed Gastronok
 14209 | Lair:3   | Killed Gastronok
 14487 | Lair:3   | Found a staircase to the Swamp.
 14814 | Lair:4   | Identified the +6 falchion of Noon {freeze, Dex+4}
 14862 | Lair:4   | Found a sparkling altar of Nemelex Xobeh.
 15718 | Lair:4   | Found a staircase to the Slime Pits.
 15718 | Lair:4   | Found a viscous altar of Jiyva.
 15719 | Lair:4   | Reached XP level 14. HP: 137/137 MP: 13/13
 16035 | Lair:4   | Reached skill level 10 in Shapeshifting
 16287 | Lair:5   | Entered Level 5 of the Lair of Beasts
 16568 | Lair:5   | Reached skill level 5 in Throwing
 17234 | Lair:5   | Got the Parchment of Anathema and Shapeshifting
 17925 | Orc:1    | Entered Level 1 of the Orcish Mines
 17944 | Orc:1    | Noticed Maurice
 17977 | Orc:1    | Noticed an orc warlord
 19206 | D:13     | Noticed Frances
 19277 | D:13     | Killed Frances
 19329 | D:13     | Reached XP level 15. HP: 148/148 MP: 14/14
 19377 | D:13     | Found Dafrajoi's General Store.
 19907 | D:14     | Found a gate to the Vaults.
 19911 | D:14     | Reached XP level 16. HP: 141/156 MP: 15/15
 20471 | D:14     | Reached skill level 10 in Fighting
 20780 | D:15     | Entered Level 15 of the Dungeon
 20956 | D:15     | Noticed Azrael
 20971 | D:15     | Killed Azrael
 21484 | D:15     | Found a white marble altar of Elyvilon.
 21844 | D:15     | Reached skill level 15 in Unarmed Combat
 21927 | D:15     | Found a staircase to the Depths.
 22539 | Orc:1    | Killed Maurice
 23051 | Orc:2    | Entered Level 2 of the Orcish Mines
 23261 | Orc:2    | Found Soziffov's Jewellery Emporium.
 23261 | Orc:2    | Found Gim Cats's Weapon Shop.
 23262 | Orc:2    | Found Pygenlif's Armour Shop.
 23262 | Orc:2    | Found Dytakhlyrph's Antique Weapon Shoppe.
 23343 | Orc:2    | Bought the ring of Duunt {rF+ rN+ rCorr Str+2 Int-3} for
                  | 635 gold pieces
 23343 | Orc:2    | Bought the ring "Ilosil" {Dex+4 SInv} for 486 gold pieces
 23429 | Orc:2    | Found Founailu's Jewellery Shoppe.
 23439 | Orc:2    | Found a staircase to the Elven Halls.
 23689 | Orc:1    | Reached XP level 17. HP: 170/170 MP: 16/16
 24197 | Snake:1  | Entered Level 1 of the Snake Pit
 24628 | Snake:1  | Found Ymusa's Distillery.
 24740 | Snake:1  | Found a flickering gateway to a bazaar.
 24759 | Snake:1  | Reached skill level 15 in Shapeshifting
 24772 | Bazaar   | Entered a bazaar
 24792 | Bazaar   | Found Gotann's Armour Shop.
 24793 | Bazaar   | Found Zaz Kakh's Jewellery Boutique.
 24820 | Bazaar   | Found Qaopsel's Antique Weapon Shoppe.
 24820 | Bazaar   | Found Tyelai's Antique Weapon Emporium.
 24838 | Bazaar   | Found Veq Dar's Magic Scroll Shop.
 24843 | Bazaar   | Bought a scroll of teleportation for 24 gold pieces
 24843 | Bazaar   | Bought a scroll of teleportation for 24 gold pieces
 24843 | Bazaar   | Bought a scroll of teleportation for 24 gold pieces
 24843 | Bazaar   | Bought a scroll of enchant armour for 60 gold pieces
 24857 | Bazaar   | Found Astruacri's Distillery.
 24862 | Bazaar   | Bought 3 potions of heal wounds for 180 gold pieces
 24862 | Bazaar   | Bought a potion of haste for 120 gold pieces
 24880 | Bazaar   | Bought the +1 cloak "Apnefug" {-Cast rF+ Str+3} for 319
                  | gold pieces
 24976 | Snake:1  | Bought 2 potions of resistance for 280 gold pieces
 25238 | Snake:1  | Found Qerot's Jewellery Boutique.
 25727 | Snake:2  | You fall into a shaft and drop 1 floor!
 25749 | Snake:3  | Found a sacrificial altar of Ru.
 26004 | Snake:3  | Noticed Vashnia
 26018 | Snake:3  | Killed Vashnia
 26174 | Snake:2  | Found a hide-covered altar of Uskayaw.
 26842 | Snake:4  | Entered Level 4 of the Snake Pit
 26865 | Snake:4  | Found Oqifit's Book Shoppe.
 26869 | Snake:4  | Found Coewkini's Antique Armour Shoppe.
 27082 | Snake:4  | Reached skill level 10 in Shields
 27120 | Snake:4  | Reached XP level 18. HP: 184/184 MP: 17/17
 27175 | Snake:4  | Got a serpentine rune of Zot
 27802 | Swamp:1  | Entered Level 1 of the Swamp
 28510 | Swamp:2  | Noticed Aizul
 28523 | Swamp:2  | Killed Aizul
 28586 | Swamp:2  | You fall into a shaft and drop 1 floor!
 28610 | Swamp:3  | Noticed a tentacled monstrosity
 28619 | Swamp:3  | Killed a tentacled monstrosity
 29013 | Swamp:3  | Noticed a tentacled monstrosity
 29018 | Swamp:3  | Killed a tentacled monstrosity
 29474 | Swamp:4  | Entered Level 4 of the Swamp
 29585 | Swamp:3  | Noticed a tentacled monstrosity
 29588 | Swamp:3  | Killed a tentacled monstrosity
 29699 | Swamp:4  | Noticed a tentacled monstrosity
 29714 | Swamp:4  | Killed a tentacled monstrosity
 29898 | Swamp:4  | Reached XP level 19. HP: 196/196 MP: 18/18
 29904 | Swamp:4  | Noticed a bone dragon
 29925 | Swamp:4  | Killed a bone dragon
 30002 | Swamp:4  | Got a decaying rune of Zot
 30410 | Vaults:1 | Entered Level 1 of the Vaults
 31252 | Vaults:1 | Reached skill level 5 in Evocations
 31441 | Vaults:1 | Found Seppet's Armour Emporium.
 32446 | Vaults:2 | Reached XP level 20. HP: 208/208 MP: 19/19
 32518 | Vaults:2 | Found a staircase to the Crypt.
 32670 | Vaults:2 | You fall into a shaft and drop 2 floors!
 32685 | Vaults:4 | Noticed Bai Suzhen
 32825 | Vaults:4 | Reached skill level 15 in Fighting
 33200 | Vaults:4 | Identified the +0 buckler of the Morning {Regen+ Int+4
                  | Dex-3}
 33683 | Vaults:4 | Killed Bai Suzhen
 34150 | Vaults:4 | Got the Incunable of Ruinous Chilblains
 36291 | Vaults:2 | Found Xefaer's Jewellery Shop.
 36552 | Depths:1 | Entered Level 1 of the Depths
 36552 | Depths:1 | Found Esaame's Jewellery Emporium.
 36552 | Depths:1 | You are sucked into a shaft and drop 1 floor!
 36583 | Depths:2 | Reached XP level 21. HP: 215/215 MP: 20/20
 36611 | Depths:1 | Noticed Sojobo
 36716 | Depths:1 | Found Tilefov's Magic Scroll Shop.
 36726 | Depths:1 | Noticed Nikola
 36734 | Depths:1 | Killed Nikola
 36740 | Depths:1 | Found Ecez's Antique Weapon Boutique.
 36741 | Depths:1 | Found Aqeqimot's Antique Weapon Shoppe.
 36741 | Depths:1 | Found Awkyt's Distillery.
 37019 | Orc:2    | Bought a storm talisman for 1591 gold pieces
 37072 | Elf:1    | Entered Level 1 of the Elven Halls
 37100 | Elf:1    | Found a radiant altar of Vehumet.
 37352 | Elf:1    | Found Igaryicw's One-of-a-Kind Books.
 37535 | Elf:1    | Found a runed translucent gate.
 37535 | Elf:1    | Found a runed translucent gate.
 37535 | Elf:1    | Found a runed translucent gate.
 37535 | Elf:1    | Found a runed translucent gate.
 37535 | Elf:1    | Found a runed translucent gate.
 37538 | Elf:1    | Found a runed translucent gate.
 38051 | Elf:2    | Paralysed by an air elemental for 1 turns
 38061 | Elf:2    | Noticed Louise
 38071 | Elf:2    | Killed Louise
 38258 | Elf:2    | Found Pajys's Antique Weapon Shop.
 38276 | Elf:2    | Found Rost's Book Boutique.
 38504 | Elf:2    | Found a runed translucent gate.
 38505 | Elf:2    | Found a runed translucent gate.
 38505 | Elf:2    | Found a runed translucent gate.
 38557 | Elf:2    | Found a shimmering altar of Xom.
 38796 | Elf:3    | Entered Level 3 of the Elven Halls
 39197 | Elf:3    | Identified the +7 chain mail "Cozanarr" {rN++ Str-5 Dex-5
                  | Stlth+}
 39538 | Elf:3    | Reached skill level 5 in Armour
 39601 | Elf:3    | Identified the ring of Xiugaile {rElec Str+6 Dex+2}
 39609 | Elf:3    | Found the +4 consecrated labrys {holy, Valiant Fragile Fly
                  | SInv}
 39612 | Elf:3    | Identified the +7 great sword "Nooc" {freeze, rC+ Int+6}
 39649 | Elf:3    | Got Huosch's Omnibus of Changes and the Snake
 39662 | Elf:3    | Identified the +9 demon trident of Somewhere Else {vamp,
                  | *Noise Int+3 Dex+2}
 39877 | Elf:3    | Identified the +6 hand axe of Prudence {freeze, rElec rF+
                  | rC+ Int-4}
 39912 | Elf:3    | Identified the staff of the Warrior {rC+ rN+ Will+ MP+9
                  | Necro}
 39918 | Elf:3    | Got the Secrets of Destructive Toxicity
 40355 | Depths:1 | Bought a scroll of blinking for 157 gold pieces
 40367 | Depths:1 | Bought a potion of attraction for 66 gold pieces
 40367 | Depths:1 | Bought a potion of resistance for 220 gold pieces
 40367 | Depths:1 | Bought a potion of curing for 66 gold pieces
 40367 | Depths:1 | Bought a potion of cancellation for 176 gold pieces
 40367 | Depths:1 | Bought a potion of degeneration for 22 gold pieces
 40603 | Depths:1 | Killed Sojobo
 40604 | Depths:1 | Reached XP level 22. HP: 193/227 MP: 21/21
 40620 | Depths:1 | Noticed Mara
 40624 | Depths:1 | Killed Mara
 40787 | Depths:1 | Found a gateway to Hell.
 40921 | Depths:1 | Gained mutation: You occasionally shout uncontrollably at
                  | your foes. [a shining eye]
 41075 | Depths:1 | Found a sacrificial altar of Ru.
 41501 | Depths:2 | Found a one-way gate leading to the halls of Pandemonium.
 41823 | Depths:2 | Found a one-way gateway to a ziggurat.
 42084 | Depths:3 | Noticed Saint Roka
 42097 | Depths:3 | Killed Saint Roka
 42128 | Depths:3 | Found a one-way gate to the infinite horrors of the Abyss.
 42193 | Depths:3 | Found a sacrificial altar of Ru.
 42716 | Depths:3 | Noticed a caustic shrike
 42723 | Depths:3 | Killed a caustic shrike
 42882 | Depths:3 | Noticed a golden dragon
 42883 | Depths:3 | Reached skill level 10 in Armour
 43245 | Depths:3 | Reached XP level 23. HP: 157/235 MP: 22/22
 43341 | Depths:3 | Identified the amulet of Kalutia {Acrobat MP+9 Int+6}
 43554 | Depths:3 | Identified the +5 bardiche "Zidaguf" {spect, Dex+2}
 43944 | Depths:4 | Entered Level 4 of the Depths
 44040 | Depths:4 | Found a runed translucent door.
 44040 | Depths:4 | Found a shimmering altar of Xom.
 44040 | Depths:4 | Noticed Tenar's ghost (adept TrFi)
 44422 | Depths:4 | Found a broken altar of Ashenzari.
 44460 | Depths:4 | Found Hoplecke's Antique Weapon Emporium.
 44936 | Depths:4 | Found a gate to the Realm of Zot.
 45244 | Vaults:5 | Entered Level 5 of the Vaults
 45254 | Vaults:5 | Reached skill level 15 in Shields
 45380 | Vaults:5 | Identified the +8 arbalest of Integrity {freeze, rElec rC++
                  | Dex-4 Stlth+}
 45408 | Vaults:5 | Identified the +1 great sword of Midwinter {heavy, Contam
                  | rN+ Int+3}
 45510 | Vaults:5 | Identified the ring "Liluet" {rN+ Will+ Dex-5 Slay+2 SInv}
 45521 | Vaults:5 | Noticed Xtahua
 45529 | Vaults:5 | Killed Xtahua
 45535 | Vaults:5 | Identified the amulet "Bojih" {Spirit Fragile rElec rF+
                  | Str+3}
 45796 | Vaults:5 | Identified the ring of Amorality {Fly rF+}
 45854 | Vaults:5 | Reached XP level 24. HP: 170/244 MP: 22/22
 45914 | Vaults:5 | Identified the +10 plate armour of Dramatic Exits {rCorr}
 46197 | Vaults:5 | Identified the ring "Tenocvoz" {rN+ Will+}
 46528 | Vaults:5 | Got the Octavo of the Tainted Map
 46532 | Vaults:5 | Got the Parchment of Dislocation and Blasting
 46585 | Vaults:5 | Got a silver rune of Zot
 46741 | Vaults:5 | Identified the staff "Hanitat" {rElec rF+ rC+ Will+ Dex-5
                  | Air}
 47355 | Slime:1  | Entered Level 1 of the Pits of Slime
 47374 | Slime:1  | Gained mutation: You are occasionally teleported next to
                  | monsters. [a shining eye]
 47423 | Lair:4   | Lost mutation: You occasionally shout uncontrollably at
                  | your foes. [potion of mutation]
 47423 | Lair:4   | Lost mutation: You are occasionally teleported next to
                  | monsters. [potion of mutation]
 47423 | Lair:4   | Gained mutation: You are strong-willed. (Will+) [potion of
                  | mutation]
 47638 | Slime:5  | Entered Level 5 of the Pits of Slime
 47690 | Slime:5  | Noticed the Royal Jelly
 47729 | Slime:5  | Killed the Royal Jelly
 47736 | Slime:5  | Gained mutation: You are weak. (Str -2) [a shining eye]
 47852 | Slime:5  | Gained mutation: You are clumsy. (Dex -2) [a shining eye]
 47867 | Slime:5  | Gained mutation: You are very weak. (Str -4) [a shining
                  | eye]
 47868 | Slime:5  | Gained mutation: Your flesh is heat resistant. (rF+) [a
                  | shining eye]
 47929 | Slime:5  | Got a slimy rune of Zot
 47930 | Slime:5  | Identified the staff "Myawips" {Contam +Blink rElec Str+4
                  | Dex+2 Air}
 47932 | Slime:5  | Identified the +0 robe of Anaesthesia {Harm rCorr}
 48060 | Slime:5  | Found the +5 demon whip "Spellbinder" {antimagic, disrupt,
                  | Will+}
 48073 | Slime:5  | Identified the staff "Nirieph" {rElec rN+++ Str-4 SInv
                  | Necro Air}
 48092 | Slime:5  | Identified the ring "Doebuidyl" {rF++ MP+9 Dex+4}
 48700 | Crypt:1  | Entered Level 1 of the Crypt
 48760 | Crypt:1  | Noticed Boris
 48769 | Crypt:1  | Killed Boris
 48988 | Crypt:1  | Noticed Frederick
 48993 | Crypt:1  | Killed Frederick
 49096 | Crypt:1  | Noticed Donald
 49103 | Crypt:1  | Killed Donald
 49595 | Crypt:2  | Reached XP level 25. HP: 252/252 MP: 22/22
 50016 | Crypt:3  | Entered Level 3 of the Crypt
 50290 | Crypt:3  | Noticed Jory
 50300 | Crypt:3  | Killed Jory
 50450 | Crypt:3  | Found a staircase to the Tomb.
 50491 | Crypt:3  | Noticed Zenata
 50498 | Crypt:3  | Killed Zenata
 50542 | Crypt:3  | Noticed a dread lich
 50564 | Crypt:3  | Killed a dread lich
 50649 | Crypt:3  | Noticed Boris
 50664 | Crypt:3  | Killed Boris
 50855 | Crypt:3  | Found an ancient bone altar of Kikubaaqudgha.
 51078 | Crypt:3  | Identified the +1 falchion "Earthworm" {flame, +Blink
                  | Will++ Int-2}
 51286 | Crypt:3  | Reached skill level 27 in Shapeshifting
 51819 | Zot:1    | Entered Level 1 of the Realm of Zot
 52358 | Zot:1    | Reached XP level 26. HP: 235/262 MP: 22/22
 52433 | Zot:1    | Noticed Parghit
 52442 | Zot:1    | Killed Parghit
 52913 | Zot:1    | Found a runed translucent gate.
 52913 | Zot:1    | Found a runed translucent gate.
 52914 | Zot:1    | Found a runed translucent gate.
 52916 | Zot:1    | Noticed Beclu's ghost (legendary GnSk)
 52916 | Zot:1    | Noticed Mikey69's ghost (legendary DsBe)
 57982 | Zot:4    | Reached skill level 15 in Armour
 58456 | Zot:5    | Entered Level 5 of the Realm of Zot
 59224 | Zot:5    | Noticed a dread lich
 59244 | Zot:5    | Killed a dread lich
 59340 | Zot:5    | Reached XP level 27. HP: 275/275 MP: 22/22
 59430 | Zot:5    | Noticed an orb of fire
 59477 | Zot:5    | Gained mutation: Your skin changes colour to match your
                  | surroundings (Stealth+). [an orb of fire]
 59491 | Zot:5    | Killed an orb of fire
 59889 | Zig:1    | Entered Level 1 of a ziggurat
 59904 | Zig:2    | Entered Level 2 of a ziggurat
 59927 | Zig:3    | Entered Level 3 of a ziggurat
 59954 | Zig:4    | Entered Level 4 of a ziggurat
 59987 | Zig:5    | Entered Level 5 of a ziggurat
 59992 | Zig:5    | Found the necklace of Bloodlust {Fury *Rage Will++ Int-3
                  | Slay+6}
 60017 | Zig:6    | Entered Level 6 of a ziggurat
 60021 | Zig:6    | Noticed an orb of fire
 60021 | Zig:6    | Gained mutation: Your body sometimes deteriorates upon
                  | taking damage. [an orb of fire]
 60022 | Zig:6    | Noticed an orb of fire
 60026 | Zig:6    | Gained mutation: Your body often deteriorates upon taking
                  | damage. [an orb of fire]
 60028 | Zig:6    | Gained mutation: You occasionally lose the ability to drink
                  | potions when taking damage. [an orb of fire]
 60029 | Zig:6    | Killed an orb of fire
 60034 | Zig:6    | Killed an orb of fire
 60058 | Zig:6    | Lost mutation: Your body often deteriorates upon taking
                  | damage. [potion of mutation]
 60058 | Zig:6    | Lost mutation: You occasionally lose the ability to drink
                  | potions when taking damage. [potion of mutation]
 60058 | Zig:6    | Lost mutation: You are strong-willed. (Will+) [potion of
                  | mutation]
 60058 | Zig:6    | Gained mutation: You are partially covered in iridescent
                  | scales. (AC +2) [potion of mutation]
 60058 | Zig:6    | Gained mutation: You expend magic power (3 MP) to
                  | strengthen your wands. [potion of mutation]
 60059 | Zig:6    | Lost mutation: Your body sometimes deteriorates upon taking
                  | damage. [potion of mutation]
 60059 | Zig:6    | Lost mutation: You expend magic power (3 MP) to strengthen
                  | your wands. [potion of mutation]
 60059 | Zig:6    | Lost mutation: Your flesh is heat resistant. (rF+) [potion
                  | of mutation]
 60059 | Zig:6    | Lost mutation: You are very weak. (Str -4) [potion of
                  | mutation]
 60059 | Zig:6    | Gained mutation: You occasionally lose the ability to read
                  | scrolls when taking damage. [potion of mutation]
 60059 | Zig:6    | Gained mutation: You are mostly covered in iridescent
                  | scales. (AC +4) [potion of mutation]
 60060 | Zig:6    | Lost mutation: You occasionally lose the ability to read
                  | scrolls when taking damage. [potion of mutation]
 60060 | Zig:6    | Lost mutation: You are mostly covered in iridescent scales.
                  | (AC +4) [potion of mutation]
 60060 | Zig:6    | Gained mutation: You have a pair of small antennae on your
                  | head. [potion of mutation]
 60064 | Zig:6    | Identified the +9 crystal plate armour "Uwycziq" {Int-2
                  | Dex+6}
 60077 | Zig:7    | Entered Level 7 of a ziggurat
 60121 | Zig:7    | Acquired 674 gold pieces
 60133 | Zig:8    | Entered Level 8 of a ziggurat
 60190 | Zig:9    | Entered Level 9 of a ziggurat
 60357 | Zig:10   | Entered Level 10 of a ziggurat
 60512 | Zig:10   | Identified the ring "Yjeytec" {*Slow rPois rC+++ rCorr
                  | Str+6}
 60545 | Zig:11   | Entered Level 11 of a ziggurat
 60558 | Zig:11   | Gained mutation: You are very weak. (Str -4) [a shining
                  | eye]
 60579 | Zig:11   | Identified the +12 great mace of Ignis, Howling {holy, rC++
                  | rCorr Dex+2 Stlth-}
 60584 | Zig:11   | Identified the +7 shortbow of the Thoughtful Allies {speed,
                  | Fly rF- rCorr Dex+5}
 60596 | Zig:12   | Entered Level 12 of a ziggurat
 60609 | Zig:12   | Noticed a juggernaut
 60610 | Zig:12   | Reached skill level 10 in Dodging
 60622 | Zig:12   | Killed a juggernaut
 60656 | Zig:12   | Identified the staff of Darkness {rF+ rN+ MP+9 Earth}
 60674 | Zig:13   | Entered Level 13 of a ziggurat
 60715 | Zig:13   | Identified the +6 short sword of Intuition {venom, Str+5}
 60732 | Zig:13   | Identified the ring "Nirueq" {rC+ MP-9 Dex+5}
 60735 | Zig:13   | Identified the amulet "Beymiori" {Reflect *Corrode Int+6
                  | SH+5}
 60747 | Zig:14   | Entered Level 14 of a ziggurat
 60761 | Zig:14   | Noticed an ancient lich
 60764 | Zig:14   | Killed an ancient lich
 60978 | Zig:14   | Acquired a manual of Fighting
 60980 | Zig:14   | Acquired a manual of Armour
 60982 | Zig:14   | Acquired a manual of Armour
 61000 | Zig:14   | Identified the staff "Saynuti" {rF+ rN+ Necro}
 61002 | Zig:15   | Entered Level 15 of a ziggurat
 61012 | Zig:15   | Noticed a dread lich
 61031 | Zig:15   | Killed a dread lich
 61237 | Zig:15   | Identified the +6 scale mail "Dyvisa" {Str+3 SInv}
 61239 | Zig:15   | Identified the +0 ring mail of Vivvuvyth {Will- Str+5}
 61255 | Zig:15   | Identified the ring "Cavor" {Int+3 Slay+4}
 61265 | Zig:16   | Entered Level 16 of a ziggurat
 61285 | Zig:16   | Noticed Pykoz the pandemonium lord
 61725 | Zot:5    | Noticed an orb of fire
 61742 | Zot:5    | Killed an orb of fire
 61756 | Zot:5    | Noticed an orb of fire
 61759 | Zot:5    | Found the +4 dragonskin cloak
 61759 | Zot:5    | Noticed Tiamat
 61765 | Zot:5    | Killed an orb of fire
 61776 | Zot:5    | Killed Tiamat
 62228 | Depths:3 | Voluntarily entered the Abyss.
 62926 | Abyss:3  | Found a corrupted altar of Lugonu.
 62949 | Abyss:3  | Noticed an ancient lich
 62951 | Abyss:3  | Killed an ancient lich
 63071 | Abyss:3  | Found a corrupted altar of Lugonu.
 63072 | Abyss:3  | Paralysed by you for 4 turns
 63077 | Abyss:3  | Found a corrupted altar of Lugonu.
 63178 | Abyss:3  | Found a corrupted altar of Lugonu.
 63754 | Abyss:3  | Gained mutation: Your magical capacity is low. (-10% MP) [a
                  | neqoxec]
 63797 | Abyss:3  | Noticed a dread lich
 63805 | Abyss:3  | Killed a dread lich
 63870 | Abyss:3  | Gained mutation: Your body sometimes deteriorates upon
                  | taking damage. [a neqoxec]
 63872 | Abyss:3  | Gained mutation: Armour fits poorly on your strangely
                  | shaped body. [a neqoxec]
 63895 | Abyss:3  | Gained mutation: Your flesh is heat resistant. (rF+) [a
                  | neqoxec]
 63915 | Abyss:3  | Lost mutation: Your body sometimes deteriorates upon taking
                  | damage. [potion of mutation]
 63915 | Abyss:3  | Lost mutation: You have a pair of small antennae on your
                  | head. [potion of mutation]
 63915 | Abyss:3  | Gained mutation: You expend magic power (3 MP) to
                  | strengthen your wands. [potion of mutation]
 63915 | Abyss:3  | Gained mutation: Your flesh is very heat resistant. (rF++)
                  | [potion of mutation]
 64031 | Abyss:3  | Found a corrupted altar of Lugonu.
 64054 | Depths:3 | Escaped the Abyss
 64056 | Depths:3 | Voluntarily entered the Abyss.
 64150 | Abyss:3  | Found a corrupted altar of Lugonu.
 64391 | Abyss:3  | Found a corrupted altar of Lugonu.
 64406 | Abyss:3  | Gained mutation: Your magical capacity is very low. (-20%
                  | MP) [a neqoxec]
 64420 | Abyss:3  | Found a corrupted altar of Lugonu.
 64486 | Abyss:3  | Found a corrupted altar of Lugonu.
 64521 | Abyss:3  | Found a corrupted altar of Lugonu.
 64521 | Abyss:3  | Found a corrupted altar of Lugonu.
 64552 | Abyss:3  | Found a corrupted altar of Lugonu.
 64605 | Abyss:3  | Found a corrupted altar of Lugonu.
 64617 | Abyss:3  | Got an abyssal rune of Zot
 64688 | Depths:3 | Escaped the Abyss
 64806 | Pan      | Entered Pandemonium
 65011 | Pan      | Noticed Wyleq the pandemonium lord
 65023 | Pan      | Killed Wyleq the pandemonium lord
 65354 | Pan      | Noticed Pidul the pandemonium lord
 65366 | Pan      | Killed Pidul the pandemonium lord
 65543 | Pan      | Got a demonic rune of Zot
 66151 | Pan      | Noticed Xenot the pandemonium lord
 66370 | Pan      | Found a transporter.
 66370 | Pan      | Found a transporter.
 66658 | Pan      | Noticed Kixisheulu the pandemonium lord
 66681 | Pan      | Killed Kixisheulu the pandemonium lord
 66684 | Pan      | Found a huge runed translucent gate.
 66917 | Pan      | Entered the realm of Lom Lobon.
 67099 | Pan      | Noticed Lom Lobon
 67104 | Pan      | Killed Lom Lobon
 67159 | Pan      | Got a magical rune of Zot
 67467 | Pan      | Found an exit through the horrors of the Abyss.
 68159 | Pan      | Noticed Ignacio
 68165 | Pan      | Killed Ignacio
 68198 | Pan      | Entered the realm of Gloorx Vloq.
 68548 | Pan      | Reached skill level 27 in Unarmed Combat
 68603 | Pan      | Noticed Gloorx Vloq
 68615 | Pan      | Killed Gloorx Vloq
 68676 | Pan      | Got a dark rune of Zot
 69012 | Pan      | Entered the realm of Mnoleg.
 69103 | Pan      | Noticed Mnoleg
 69121 | Pan      | Killed Mnoleg
 69156 | Pan      | Gained mutation: You are very clumsy. (Dex -4) [a neqoxec]
 69175 | Pan      | Identified the amulet "Quug" {Faith Regen+ Str-2 Dex+3}
 69405 | Pan      | Gained mutation: You occasionally lose the ability to read
                  | scrolls when taking damage. [a neqoxec]
 69406 | Pan      | Gained mutation: Your magical capacity is extremely low.
                  | (-30% MP) [a cacodemon]
 69418 | Pan      | Lost mutation: Your flesh is very heat resistant. (rF++)
                  | [potion of mutation]
 69418 | Pan      | Lost mutation: You expend magic power (3 MP) to strengthen
                  | your wands. [potion of mutation]
 69418 | Pan      | Lost mutation: Your flesh is heat resistant. (rF+) [potion
                  | of mutation]
 69418 | Pan      | Lost mutation: You are very weak. (Str -4) [potion of
                  | mutation]
 69419 | Pan      | Lost mutation: You are weak. (Str -2) [potion of mutation]
 69419 | Pan      | Lost mutation: Your skin changes colour to match your
                  | surroundings (Stealth+). [potion of mutation]
 69419 | Pan      | Lost mutation: Armour fits poorly on your strangely shaped
                  | body. [potion of mutation]
 69419 | Pan      | Gained mutation: You passively map a small area around you.
                  | [potion of mutation]
 69419 | Pan      | Gained mutation: You are partially covered in large bone
                  | plates. (SH +4) [potion of mutation]
 69420 | Pan      | Lost mutation: You are very clumsy. (Dex -4) [potion of
                  | mutation]
 69420 | Pan      | Lost mutation: You passively map a small area around you.
                  | [potion of mutation]
 69420 | Pan      | Lost mutation: You are partially covered in iridescent
                  | scales. (AC +2) [potion of mutation]
 69421 | Pan      | Lost mutation: You are partially covered in large bone
                  | plates. (SH +4) [potion of mutation]
 69421 | Pan      | Lost mutation: Your magical capacity is extremely low.
                  | (-30% MP) [potion of mutation]
 69421 | Pan      | Lost mutation: Your magical capacity is very low. (-20% MP)
                  | [potion of mutation]
 69421 | Pan      | Gained mutation: You expend magic power (3 MP) to
                  | strengthen your wands. [potion of mutation]
 69422 | Pan      | Lost mutation: Your magical capacity is low. (-10% MP)
                  | [potion of mutation]
 69422 | Pan      | Lost mutation: You are clumsy. (Dex -2) [potion of
                  | mutation]
 69422 | Pan      | Gained mutation: You have very sharp teeth. [potion of
                  | mutation]
 69422 | Pan      | Gained mutation: You have a pair of small horns on your
                  | head. [potion of mutation]
 69423 | Pan      | Lost mutation: You occasionally lose the ability to read
                  | scrolls when taking damage. [potion of mutation]
 69423 | Pan      | Lost mutation: You expend magic power (3 MP) to strengthen
                  | your wands. [potion of mutation]
 69423 | Pan      | Lost mutation: You have very sharp teeth. [potion of
                  | mutation]
 69423 | Pan      | Gained mutation: You have hidden genetic potential. [potion
                  | of mutation]
 69423 | Pan      | Gained mutation: You sometimes lose your temper in combat.
                  | [potion of mutation]
 69423 | Pan      | Gained mutation: You occasionally shout uncontrollably at
                  | your foes. [potion of mutation]
 69424 | Pan      | Lost mutation: You have a pair of small horns on your head.
                  | [potion of mutation]
 69424 | Pan      | Lost mutation: You sometimes lose your temper in combat.
                  | [potion of mutation]
 69424 | Pan      | Gained mutation: You have large cloven feet. [potion of
                  | mutation]
 69424 | Pan      | Gained mutation: You are frail. (-10% HP) [potion of
                  | mutation]
 69641 | Pan      | Got a glowing rune of Zot
 69683 | Pan      | Identified the +0 cloak "Fulysag" {+Inv Str+2 Stlth+}
 69727 | Pan      | Identified the +1 triple crossbow of the Depths {freeze,
                  | Dex+2}
 69843 | Pan      | Gained mutation: You occasionally lose the ability to drink
                  | potions when taking damage. [a cacodemon]
 69854 | Pan      | Lost mutation: You have large cloven feet. [potion of
                  | mutation]
 69854 | Pan      | Lost mutation: You have hidden genetic potential. [potion
                  | of mutation]
 69854 | Pan      | Lost mutation: You occasionally lose the ability to drink
                  | potions when taking damage. [potion of mutation]
 69854 | Pan      | Gained mutation: You are weak. (Str -2) [potion of
                  | mutation]
 69864 | Pan      | Entered the realm of Cerebov.
 69884 | Pan      | Found an exit through the horrors of the Abyss.
 69950 | Pan      | Identified the +8 trident of Fedhas {flame, SInv}
 70230 | Pan      | Identified the ring "Earthly Heaven" {+Blink rN+ Slay+3}
 70237 | Pan      | Identified the staff of a bazaar {rPois Str+2 Poison}
 70269 | Pan      | Found the +6 sword of Cerebov {flame}
 70269 | Pan      | Noticed Cerebov
 70283 | Pan      | Killed Cerebov
 70353 | Pan      | Got a fiery rune of Zot
 70539 | Depths:2 | Escaped Pandemonium
 70678 | Hell     | Entered the Vestibule of Hell
 70678 | Hell     | Noticed Geryon
 70681 | Hell     | Killed Geryon
 70754 | Hell     | Reached skill level 10 in Throwing
 70860 | Hell     | Noticed Murray
 71106 | Hell     | Killed Murray
 71173 | Hell     | Found a gateway to the freezing wastes of Cocytus.
 71250 | Hell     | Found a gateway to the decaying netherworld of Tartarus.
 71294 | Hell     | Found a gateway to the ashen valley of Gehenna.
 71335 | Hell     | Found a gateway to the Iron City of Dis.
 71368 | Dis:1    | Entered Level 1 of the Iron City of Dis
 71579 | Dis:2    | Noticed an ancient lich
 71579 | Dis:2    | Noticed a dread lich
 71580 | Dis:2    | Killed an ancient lich
 71600 | Dis:2    | Killed a dread lich
 71940 | Tar:1    | Entered Level 1 of Tartarus
 72103 | Geh:1    | Entered Level 1 of Gehenna
 72103 | Geh:1    | Noticed an ancient lich
 72107 | Geh:1    | Killed an ancient lich
 72967 | Geh:5    | You are sucked into a shaft and drop 1 floor!
 73160 | Geh:6    | Noticed a dread lich
 73170 | Geh:6    | Killed a dread lich
 73346 | Geh:7    | Entered Level 7 of Gehenna
 73722 | Geh:7    | Noticed an ancient lich
 73734 | Geh:7    | Killed an ancient lich
 73860 | Geh:7    | Noticed the Serpent of Hell
 73868 | Geh:7    | Killed the Serpent of Hell
 74173 | Geh:7    | Identified the +4 scale mail "Xomuah" {Regen+}
 74305 | Geh:7    | Identified the ring of Gavesiw {Dex+6 Slay+3}
 74587 | Geh:7    | Found the +13 sceptre of Asmodeus
 74587 | Geh:7    | Noticed Asmodeus
 74656 | Geh:7    | Killed Asmodeus
 74711 | Geh:7    | Got an obsidian rune of Zot
 76626 | Dis:7    | Entered Level 7 of the Iron City of Dis
 76975 | Dis:7    | Identified the +4 orcbow of Gomoofas {elec, *Slow Int+5
                  | Stlth+}
 76979 | Dis:7    | Got the Almanac of the Five Orbs
 77209 | Dis:7    | Noticed a juggernaut
 77212 | Dis:7    | Killed a juggernaut
 77326 | Dis:7    | Reached skill level 27 in Fighting
 77327 | Dis:7    | Noticed a juggernaut
 77330 | Dis:7    | Killed a juggernaut
 77693 | Dis:7    | Noticed a juggernaut
 77702 | Dis:7    | Killed a juggernaut
 78058 | Dis:7    | Noticed Dispater
 78066 | Dis:7    | Killed Dispater
 78095 | Dis:7    | Got Vehumet's Encyclopedia of the Volley
 78097 | Dis:7    | Identified the staff of the Turnip {rElec rPois rN+ Stlth-
                  | Necro Ice}
 78101 | Dis:7    | Got an iron rune of Zot
 78106 | Dis:7    | Identified the +1 robe of Watchfulness {rElec Will- Str+2}
 78756 | Coc:1    | Entered Level 1 of Cocytus
 79002 | Coc:3    | Noticed an ancient lich
 80515 | Coc:7    | Entered Level 7 of Cocytus
 80629 | Coc:7    | Paralysed by a wendigo for 1 turns
 81490 | Coc:7    | Paralysed by a wendigo for 1 turns
 81661 | Coc:7    | Reached skill level 27 in Armour
 82065 | Coc:7    | Reached skill level 15 in Throwing
 82495 | Coc:7    | Noticed Antaeus
 82540 | Coc:7    | Killed Antaeus
 82735 | Coc:7    | Got an icy rune of Zot
 84186 | Tar:6    | Reached skill level 15 in Dodging
 84356 | Tar:7    | Entered Level 7 of Tartarus
 84397 | Tar:7    | Noticed a dread lich
 84409 | Tar:7    | Killed a dread lich
 84663 | Tar:7    | Found the amulet of the Air {Inacc Air Fly rElec RMsl}
 84846 | Tar:7    | Identified the +6 sling "Newtbane" {heavy, rN+ MP+9 Int+3}
 84850 | Tar:7    | Identified the +3 morningstar "Atifekapp" {freeze, Int+7}
 84954 | Tar:7    | Identified the amulet of the Fortune-Teller {Faith Will+
                  | Stlth+}
 84960 | Tar:7    | Identified the +4 hand axe "Odeil" {freeze, Stlth+}
 84962 | Tar:7    | Got the Compilation of Energy
 85004 | Tar:7    | Identified the +8 halberd of Iklu {chaos, Drain rCorr Str+4
                  | Dex+3}
 85114 | Tar:7    | Noticed an ancient lich
 85121 | Tar:7    | Killed an ancient lich
 85128 | Tar:7    | Noticed an ancient lich
 85135 | Tar:7    | Killed an ancient lich
 85316 | Tar:7    | Identified the ring "Haluaxoa" {rF+ rC+}
 85373 | Tar:7    | Noticed Ereshkigal
 86077 | Tar:7    | Killed Ereshkigal
 86100 | Tar:7    | Got a bone rune of Zot
 86420 | Zot:5    | Got the Orb of Zot
 86863 | D:11     | Gained mutation: You are dopey. (Int -2) [a cacodemon]
 86873 | D:10     | Noticed Baohick the pandemonium lord
 86878 | D:10     | Killed Baohick the pandemonium lord
 87096 | D:$      | Escaped with the Orb!

Illustrated notes

Levels and vault maps discovered:
D:1:      ncdulo_lavacross, layout_rooms, minmay_misc_feat_diagonals
D:2:      layout_rooms, uniq_natasha, uniq_sigmund
D:3:      layout_loops_ring
D:4:      layout_loops_ring, grunt_temple_overflow_diamond, uniq_robin
D:5:      layout_loops_ring, minmay_temple_entry_arrows
D:6:      layout_gridville, old_standard_altar, grunt_ministairs_12,
          uniq_duvessa, uniq_menkaure, uniq_maggie
D:7:      layout_basic, grunt_dithmenos_smoke_and_mirrors, uniq_prince_ribbit1
D:8:      layout_cave_pools, fedhas_altar_2, serial_demonic, serial_demonic_c,
          serial_demonic_c, serial_demonic_f, serial_demonic_g, uniq_erica
D:9:      layout_basic, orc_0_dummy, serial_shops, shop_fountains,
          minmay_checkerbox
D:10:     layout_gridville, enter_trove_0, hellmonk_ghost_happy_afterlife,
          grunt_ogre_cave, uniq_grum, uniq_josephine
D:11:     layout_irregular_city, grunt_lair_entry_orc_guard_hut
D:12:     layout_rooms
D:13:     layout_basic, serial_shops, nicolae_shop_real_fake_doors, uniq_frances
D:14:     layout_basic, lightli_vaults_fourway_checkpoint, hex_medium,
          evilmike_minifort
D:15:     grunt_enter_depths_hoard, layout_basic, elyvilon_altar_1, drop_trap,
          minivault_23, uniq_azrael
Lair:1:   layout_layer_cave, portal_ice_cave_entry_imps, grunt_megastairs_4,
          serial_bayou_shore_b
Lair:2:   layout_chaotic_city, minmay_lair_oklob_items,
          pdpol_lair_cabin_in_the_woods
Lair:3:   layout_misc_corridors, swamp_mist_pool, guppyfry_snake_entry_island,
          patterned_corridor, uniq_gastronok
Lair:4:   layout_cave_pods, slime_entry_1, serial_bayou, serial_bayou_shore_a,
          serial_bayou_crossing, serial_bayou_shore_b, serial_bayou_lagoon_b,
          lemuel_centaur_altar
Lair:5:   hangedman_lair_tendril_chambers, layout_loops_ring,
          guppyfry_lair_end_dragon
Swamp:1:  layout_basic_swamp, infiniplex_staircase_pool
Swamp:2:  nicolae_swamp_wrong_neighborhood, layout_basic_swamp,
          nicolae_swamp_trees_clearing, uniq_aizul
Swamp:3:  layout_basic_swamp, evilmike_swamp_ruin_house_3, swamp_pool1
Swamp:4:  swamp_pestilence, layout_basic_swamp
Snake:1:  layout_cave_shapes, serial_shops, bzr_entry_customers, shop,
          nicolae_shop_just_a_little_nook, st_stairs_8
Snake:2:  layout_gridlike, basic_altar, nicolae_elevator_lobby_plus,
          grunt_megastairs_2
Snake:3:  layout_rooms, basic_altar, lemuel_fruit_tree, uniq_vashnia
Snake:4:  grunt_snake_rune_pools, layout_cave_town, minmay_shop_star,
          serial_bayou_shore_b
Slime:1:  layout_caves
Slime:2:  layout_caves
Slime:3:  layout_caves
Slime:4:  layout_caves
Slime:5:  slime_pit_nicolae_trefoil
Orc:1:    layout_caves, uniq_maurice
Orc:2:    st_orc_ogre_mass, layout_caves, basic_altar, serial_shops,
          nicolae_shop_tiny_statue_garden
Elf:1:    eino_elf_arrival_altar, layout_loops_cross, orc_legates,
          nicolae_rare_books
Elf:2:    nicolae_elf_blades_crystal_corner, layout_loops_corners, basic_altar,
          solitary_fountain, minmay_shoptagon, uniq_louise
Elf:3:    elf_hall_gauntlet_wide, layout_loops_ring, special_room
          [special_room_mythical_zoo]
Vaults:1: hangedman_vaults_restitches, nicolae_vaults_wrenched, v_misc_24,
          vaults_mumra_minichess_inversion, hangedman_vaults_variations,
          v_rooms_4, ontoclasm_vaults_shuriken, grunt_vaults_hallway_short,
          v_misc_33, nicolae_vaults_diamond_2, vaults_room_door_ring,
          layout_vaults_omnibox, serial_shops, shop
Vaults:2: blue_anna_dwarven_crypt, ontoclasm_vaults_spin,
          nicolae_vaults_circle_grid_b, nicolae_vaults_storage_closets_3,
          nicolae_vaults_asterisk, nicolae_vaults_know_your_exits,
          nicolae_vaults_sightless_eye, nicolae_vaults_tetromino_Z_1,
          v_alt_pattern_4, v_misc_22, layout_vaults_maze, serial_shops,
          nicolae_shop_statue_plus
Vaults:3: ontoclasm_vaults_ring_small, nicolae_vaults_mini_display_case,
          nicolae_vaults_circle_grid_a, v_misc_13, ontoclasm_vaults_ligature,
          nicolae_vaults_closet_pinwheel_3, nicolae_vaults_theta,
          nicolae_vaults_trapezoid_lopsided_3, vaults_room_semicircle,
          layout_vaults_quadrants
Vaults:4: nicolae_vaults_minivaults, vaults_dpeg_spiral, vaults_room_pools,
          serial_ice_b, v_misc_27, nicolae_vaults_little_squares_6,
          nicolae_vaults_more_shelving_1, nicolae_vaults_house_2,
          nicolae_vaults_surprise_closet, layout_vaults_chaotic_city,
          uniq_bai_suzhen
Vaults:5: serial_shops, uniq_margery, uniq_xtahua
Crypt:1:  layout_regular_city, library_closet, grunt_crypt_arrival_webbed,
          lemuel_upstairs_altar, uniq_donald, uniq_josephina, uniq_frederick,
          uniq_boris
Crypt:2:  layout_rooms
Crypt:3:  church_of_pain_bobbens, layout_chaotic_city,
          nicolae_tomb_entry_rubble_hallway, uniq_jory, uniq_zenata
Depths:1: layout_roguey, lemuel_coloured_pillars_altar,
          nicolae_hell_entry_hellmouth_sunbeams, serial_curves, eino_curves_02,
          eino_curves_01, nicolae_shop_national_dungeon_mall,
          kennysheep_generic_room_5, uniq_mara, uniq_nikola, uniq_sojobo
Depths:2: cheibrodos_birdhouse, layout_gridlike, enter_ziggurat_f, hell_entry,
          minmay_misc_feat_hallway, pan_entry, serial_bayou_lagoon_a,
          grunt_decor_junction
Depths:3: hangedman_box_tower, layout_cave_pools, abyss_entry_small_statue_room,
          hell_entry, nicolae_ru_awakened_eye, minmay_staircase_windowed_small,
          uniq_saint_roka, uniq_grunn
Depths:4: evilmike_zot_entry_hall, layout_cave_pools, grunt_hell_entry_dis_old,
          minmay_room_of_horrors, cheibrodos_ashenzari_chains,
          ebering_ghost_xom, serial_shops, nicolae_shop_window_shopping,
          st_stairs_3
Hell
Dis:1:    layout_gridville
Dis:2:    layout_gridville, nicolae_dis_liches_on_tour
Dis:3:    layout_subdivisions, nicolae_dis_metal_dragon_surprise
Dis:4:    layout_jigsaw
Dis:5:    lightli_tower_of_babel
Dis:6:    layout_gridville, nicolae_hells_hurtin_island
Dis:7:    dis_grunt_layers
Geh:1:    layout_gehenna_lava_caves
Geh:2:    layout_gehenna_pools_box
Geh:3:    layout_gehenna_pools_triple
Geh:4:    layout_gehenna_lava_caves
Geh:5:    layout_gehenna_pools_triple
Geh:6:    layout_gehenna_lava_caves
Geh:7:    geh_hangedman
Coc:1:    layout_cocytus_delve
Coc:2:    layout_ice_bergs
Coc:3:    layout_cocytus_water_paths
Coc:4:    layout_cocytus_water_paths
Coc:5:    layout_cocytus_delve
Coc:6:    layout_cocytus_water_paths
Coc:7:    coc_mu
Tar:1:    layout_cathedral_of_symmetry, nicolae_tar_cuneiform_to_be
Tar:2:    layout_honeycomb, nicolae_tar_cuneiform_two,
          nicolae_tar_cuneiform_three
Tar:3:    layout_grid_maze
Tar:4:    layout_catacombs, nicolae_hells_fiendish_ambush
Tar:5:    layout_grid_maze
Tar:6:    layout_catacombs
Tar:7:    tar_old
Zot:1:    layout_cellular_growth, gammafunk_ghost_cemetery, uniq_parghit
Zot:2:    evilmike_crystal_ball_defense, layout_misc_corridors,
          nicolae_zot_crop_circle
Zot:3:    layout_concentric_octagons
Zot:4:    kennysheep_ambush_hall, layout_misc_corridors
Zot:5:    layout_gridlike, uniq_tiamat

Skill      XL: |  1  2  3  4  5  6  7  8  9 10 11 12 13 14 15 16 17 18 19 20 21 22 23 24 25 26 27 |
---------------+----------------------------------------------------------------------------------+-----
Shields        | 3 4 5 6 8 10 11 12 14 15 | 15.0
Unarmed Combat | 3 5 6 7 9 10 11 12 13 14 15 16 17 18 19 27 | 27.0
Stealth        | 1 |  1.0
Shapeshifting  | 1 5 8 9 12 14 15 16 19 21 23 25 27 | 27.0
Armour         | 1 4 6 10 12 13 15 27 | 27.0
Fighting       | 5 7 8 9 11 12 13 14 15 16 27 | 27.0
Dodging        | 4 6 7 8 17 | 17.2
Throwing       | 1 4 5 7 9 19 | 19.4
Evocations     | 1 3 5 9 |  9.0
Staves         | |  0.6

Action                     |  1- 3 |  4- 6 |  7- 9 | 10-12 | 13-15 | 16-18 | 19-21 | 22-24 | 25-27 || total
---------------------------+-------+-------+-------+-------+-------+-------+-------+-------+-------++-------
  Melee: Unarmed           |    73 |   145 |   214 |   596 |   697 |  1203 |  1163 |  1233 |  5207 || 10531
         Constrict         |       |       |       |       |    82 |    94 |       |       |       ||   176
         Tailslap          |       |       |       |       |       |       |    36 |       |       ||    36
         Punch             |       |       |       |       |       |       |    37 |   104 |   656 ||   797
         Bite              |       |       |       |       |       |       |    22 |       |       ||    22
  Throw: Large rock        |       |       |       |       |       |    17 |    26 |     3 |    39 ||    85
 Invoke: Serpent's Lash    |       |       |       |     1 |     3 |    14 |    17 |    17 |    53 ||   105
         Heavenly Storm    |       |       |       |       |       |     3 |     3 |     2 |    12 ||    20
Ability: Lunge             |       |     2 |    16 |    35 |    54 |   103 |   107 |   110 |   553 ||   980
         Whirlwind         |       |       |     1 |     8 |    13 |   278 |   320 |   245 |   701 ||  1566
         Begin Untransform |       |       |       |       |     2 |     1 |     1 |     2 |     2 ||     8
         Wall Jump         |       |       |       |       |       |     2 |     1 |     3 |     1 ||     7
         Breathe Fire      |       |       |       |       |       |       |     1 |       |       ||     1
         Blinkbolt         |       |       |       |       |       |       |       |       |     3 ||     3
  Evoke: Wand              |       |       |       |    13 |    23 |     9 |       |       |    42 ||    87
         Phantom mirror    |       |       |       |       |       |     2 |       |       |     2 ||     4
         Phial of floods   |       |       |       |       |       |     1 |       |       |     1 ||     2
         Condenser vane    |       |       |       |       |       |     1 |     1 |     2 |     2 ||     6
         Lightning rod     |       |       |       |       |       |       |       |     1 |     8 ||     9
         Box of beasts     |       |       |       |       |       |       |       |     1 |     2 ||     3
    Use: Scroll            |       |    10 |     5 |    11 |     7 |     8 |     5 |     5 |    34 ||    85
         Potion            |       |       |     2 |     4 |     1 |     6 |     3 |    16 |    32 ||    64
   Stab: Sleeping          |       |     4 |       |       |     1 |     3 |     3 |     2 |     1 ||    14
         Distracted        |       |       |     1 |       |       |     1 |     1 |     1 |    13 ||    17
         Confused          |       |       |       |       |       |       |     1 |       |       ||     1
 Armour: Robe              |    26 |    14 |    18 |       |       |       |       |       |       ||    58
         Steam dragon scal |       |       |    19 |    81 |       |       |       |       |       ||   100
         Skin              |       |       |       |     2 |    84 |   519 |   555 |   235 |   768 ||  2163
         Ice dragon scales |       |       |       |    11 |       |       |       |       |       ||    11
         Animal skin       |       |       |       |     5 |    43 |    12 |       |       |       ||    60
         Gold dragon scale |       |       |       |       |       |       |       |       |   477 ||   477
  Dodge: Dodged            |    25 |    42 |    85 |   185 |   258 |   574 |   467 |   809 |  3358 ||  5803
  Block: Kite shield       |    40 |    41 |    76 |   203 |    94 |   417 |   494 |       |       ||  1365
         Tower shield      |       |       |       |       |       |       |       |   201 |  1190 ||  1391
   Form: Beast             |       |       |     1 |       |     1 |       |       |       |       ||     2
         Anaconda          |       |       |       |       |     3 |       |       |       |       ||     3
         Statue            |       |       |       |       |       |     1 |     1 |     1 |     1 ||     4
         Dragon            |       |       |       |       |       |       |     2 |       |       ||     2
         Storm             |       |       |       |       |       |       |     1 |     1 |     3 ||     5

Table legend: (Time is in decaauts)
 A = Elapsed time spent in this place.
 B = Non-inter-level travel time spent in this place.
 C = Inter-level travel time spent in this place.
 D = Time resting spent in this place.
 E = Time spent auto-exploring this place.
 F = Levels seen in this place.
 G = Mean time per level.
                   A        B        C        D        E       F      G
               +--------+--------+--------+--------+--------+-----+--------+
         Total |  92369 |  85060 |   7309 |  20265 |  36116 | 124 |  744.9 |
       Dungeon |  16116 |  13404 |   2712 |   2790 |   6639 |  15 | 1074.4 |
          Lair |   6906 |   6333 |    573 |   1340 |   2991 |   5 | 1381.2 |
         Swamp |   3569 |   3369 |    200 |    355 |   1849 |   4 |  892.2 |
     Snake Pit |   4539 |   4284 |    255 |     97 |   2974 |   4 | 1134.8 |
    Slime Pits |    751 |    715 |     36 |    184 |      0 |   5 |  150.2 |
  Orcish Mines |   1557 |   1412 |    145 |    217 |    668 |   2 |  778.5 |
   Elven Halls |   4009 |   3742 |    267 |    178 |   2402 |   3 | 1336.3 |
        Vaults |  10119 |   9050 |   1069 |   1645 |   5092 |   5 | 2023.8 |
         Crypt |   4144 |   4018 |    126 |    427 |   2379 |   3 | 1381.3 |
        Depths |   5966 |   5274 |    692 |   1483 |   2255 |   4 | 1491.5 |
          Hell |   1079 |    916 |    163 |    318 |    226 |   1 | 1079.0 |
           Dis |   3810 |   3764 |     46 |   1559 |    833 |   7 |  544.3 |
       Gehenna |   2627 |   2576 |     51 |    810 |    442 |   7 |  375.3 |
       Cocytus |   4242 |   4159 |     83 |   2302 |    443 |   7 |  606.0 |
      Tartarus |   2998 |   2903 |     95 |    973 |    859 |   7 |  428.3 |
           Zot |   9194 |   8402 |    792 |   3278 |   2495 |   5 | 1838.8 |
         Abyss |   2291 |   2291 |      0 |    101 |   1051 |   4 |  572.8 |
   Pandemonium |   5438 |   5438 |      0 |    944 |   1933 |  18 |  302.1 |
      Ziggurat |   1330 |   1330 |      0 |    626 |      0 |  16 |   83.1 |
        Bazaar |    131 |    131 |      0 |      0 |     82 |   1 |  131.0 |
      Ice Cave |   1542 |   1542 |      0 |    631 |    501 |   1 | 1542.0 |
               +--------+--------+--------+--------+--------+-----+--------+

Top non-repeatable levels by time:
   Coc:7: 2541 daAuts
   Zot:1: 2457 daAuts
Vaults:1: 2355 daAuts
Vaults:4: 2330 daAuts
Depths:3: 2301 daAuts
 Crypt:3: 2076 daAuts
     D:9: 2036 daAuts
   Dis:7: 2027 daAuts
   Zot:5: 2018 daAuts
   Zot:2: 2017 daAuts
    D:15: 1888 daAuts
Vaults:3: 1874 daAuts
Vaults:2: 1803 daAuts
Vaults:5: 1754 daAuts
 Abyss:3: 1753 daAuts
